 Dungeon Crawl Stone Soup version 0.23.2 (webtiles) character file.

Game seed: 11620515759547489308

4566 Illumine the Cleaver (level 10, 0/51 HPs)
             Began as a Vine Stalker Fighter on Oct 10, 2019.
             Was a Believer of Makhleb.
             Slain by a vampire (7 damage)
             ... on level 9 of the Dungeon.
             The game lasted 00:08:14 (5555 turns).

Illumine the Cleaver (Vine Stalker Fighter)         Turns: 5555, Time: 00:08:16

Health: 0/51       AC:  0    Str: 22    XL:     10   Next: 40%
Magic:  0/13       EV: 12    Int:  8    God:    Makhleb [**....]
Gold:   301        SH: 11    Dex: 14    Spells: 9/9 levels left

rFire    . . .     SeeInvis .   E - +1 falchion (flame)
rCold    . . .     Gourm    .   c - +0 shield
rNeg     . . .     Faith    .   (no armour)
rPois    .         Spirit   +   (no helmet)
rElec    .         Reflect  .   (no cloak)
rCorr    .         Harm     .   (no gloves)
MR       +....                  (no boots)
Stlth    +.........             (no amulet)
HPRegen  0.57/turn              (no ring)
MPRegen  0.13/turn              (no ring)

@: hasted, very quick
A: fangs 3, regeneration 1, magic shield, antimagic bite, no potion heal 3, rot
immunity
a: Minor Destruction, Renounce Religion


You were on level 9 of the Dungeon.
You worshipped Makhleb.
Makhleb was pleased with you.
You were not hungry.

You visited 2 branches of the dungeon, and saw 10 of its levels.

You collected 301 gold pieces.

Inventory:

Hand Weapons
 a - a +1 war axe
 x - a +0 morningstar of protection
 E - a +1 falchion of flaming (weapon)
Armour
 c - a +0 shield (worn)
 F - a +0 plate armour
Jewellery
 d - an uncursed amulet of the acrobat {unknown}
 q - an uncursed ring of ice
Wands
 o - a wand of iceblast (9)
 r - a wand of polymorph (2)
Scrolls
 e - 2 scrolls of remove curse
 g - a scroll of magic mapping {unknown}
 h - a scroll of enchant armour {unknown}
 j - 2 scrolls of teleportation {unknown}
 k - a scroll of blinking {unknown}
 n - 3 scrolls of enchant weapon
 s - a scroll of amnesia {unknown}
 v - a scroll of fear {unknown}
 B - a scroll of immolation {unknown}
 D - a scroll of identify
Potions
 i - a potion of brilliance
 l - 2 potions of heal wounds
 m - a potion of haste
 p - 3 potions of agility {unknown}
 t - a potion of degeneration {unknown}
 u - 3 potions of curing
 w - 2 potions of experience {unknown}
 z - a potion of mutation {unknown}
 A - 2 potions of flight {unknown}
Comestibles
 f - 18 rations
 C - 3 chunks of flesh


   Skills:
 + Level 5.0 Fighting
 * Level 8.7 Axes
 + Level 4.5 Armour
 + Level 3.5 Dodging
 + Level 7.8 Shields
 - Level 2.8 Invocations


You had 9 spell levels left.
You didn't know any spells.
Your spell library was empty.

Dungeon Overview and Level Annotations

Branches:
Dungeon (9/15)             Temple (1/1) D:4
   Lair: D:8-11         Orc: D:9-12

Altars:
Ashenzari
Dithmenos
Fedhas
Gozag
Hepliaklqana
Kikubaaqudgha
Makhleb
Nemelex Xobeh
Okawaru
Qazlal
Ru
Sif Muna
Trog
Vehumet
Xom
Yredelemnul
Zin
The Shining One

Shops:
D:6 %

Annotations:
D:7 Pikel, Prince Ribbit


Innate Abilities, Weirdness & Mutations

You have razor-sharp teeth.
Your natural rate of healing is unusually fast.
When hurt, damage is shared between your health and your magic reserves.
Your bite disrupts and absorbs the magic of your enemies.
Potions cannot restore your health.
You are immune to rotting.


Message History

You barely miss the vampire. Your bite misses the vampire.
The vampire is lightly damaged.
The vampire hits you!
* * * LOW HITPOINT WARNING * * *
The vampire closely misses you.
Okay, then.
Evoke which item? (* to show all) (? for menu, Esc to quit)
Okay, then.
Okay, then.
You feel yourself speed up. You block the vampire's attack. x2
Wield which item (- for none, * to show all)? (? for menu, Esc to quit)
Your +1 falchion of flaming bursts into flame!
E - a +1 falchion of flaming (weapon)
You hit the vampire but do no damage. You bite the vampire, but do no damage.
The vampire is lightly damaged.
The vampire closely misses you.
You riposte.
You closely miss the vampire. You bite the vampire, but do no damage.
The vampire is lightly damaged.
The vampire bites you!
You die...

... #.# ##+# #.# ##...#
#.# #.....# #.#
.......## ##.##
........####...#########
.......)[@V.†>....<.....
........####...#<######
.......## ##.##.#
#.....# ####.# ##...#
#.# ##+# #.# #.# #.# ..#


You could see a vampire.

Vanquished Creatures
  A hydra (D:8)
  A hippogriff (D:8)
  2 dream sheep (D:8)
  Sigmund (D:4)
  2 yaks (D:8)
  Duvessa (D:6)
  2 black bears
  An orc warrior (D:9)
  A phantom (D:4)
  A sky beast (D:8)
  An eye of draining (D:5)
  A centaur (D:8)
  An ogre (D:6)
  3 big kobolds (D:8)
  Blork the orc (D:4)
  2 bullfrogs
  Dowan (D:6)
  2 scorpions
  A killer bee (D:7)
  3 vampire bats (D:4)
  A howler monkey (D:4)
  2 crimson imps
  A bullfrog zombie (D:9)
  2 jellies
  6 orc priests
  2 centaur skeletons (D:5)
  9 orc wizards
  2 iguanas
  A bullfrog skeleton (D:8)
  7 worker ants
  Natasha (thrice) (D:4)
  A hound skeleton (D:6)
  A gnoll (D:1)
  8 adders
  A howler monkey skeleton (D:5)
  A shadow imp (D:8)
  An ooze (D:1)
  A worm (D:2)
  3 dart slugs
  3 leopard geckos
  40 orcs
  9 bats
  4 bat skeletons (D:4)
  3 bat zombies (D:4)
  11 giant cockroaches
  11 goblins
  10 hobgoblins
  14 jackals
  4 quokkas
  A ball python (D:4)
  6 frilled lizards
  6 kobolds
  A quokka skeleton (D:4)
  5 rats
210 creatures vanquished.

Vanquished Creatures (others)
  A quokka skeleton (D:5)
1 creature vanquished.

Grand Total: 211 creatures vanquished

Notes
Turn   | Place    | Note
-------+----------+-------------------------------------------
     0 | D:1      | Illumine the Vine Stalker Fighter began the quest for the
                  | Orb.
     0 | D:1      | Reached XP level 1. HP: 11/11 MP: 2/2
    24 | D:1      | Reached skill level 2 in Axes
    24 | D:1      | Reached XP level 2. HP: 16/16 MP: 3/3
   275 | D:1      | Reached XP level 3. HP: 19/19 MP: 4/4
   647 | D:2      | Found a blossoming altar of Fedhas.
   715 | D:2      | Found a sparkling altar of Nemelex Xobeh.
   885 | D:2      | Gained mutation: Your natural rate of healing is unusually
                  | fast. [Vine Stalker growth]
   885 | D:2      | Reached XP level 4. HP: 23/23 MP: 5/5
   937 | D:2      | Reached skill level 3 in Axes
  1140 | D:2      | Reached XP level 5. HP: 17/27 MP: 4/6
  1224 | D:3      | HP: 1/27 [iguana (8)]
  1341 | D:3      | Reached skill level 4 in Axes
  1374 | D:3      | Reached XP level 6. HP: 10/32 MP: 3/7
  1706 | D:3      | Found a shadowy altar of Dithmenos.
  1729 | D:4      | Found a staircase to the Ecumenical Temple.
  1769 | D:4      | Noticed Sigmund
  1770 | D:4      | Noticed a phantom
  1777 | D:4      | Killed Sigmund
  1777 | D:4      | Reached skill level 5 in Axes
  1777 | D:4      | Reached skill level 5 in Shields
  1777 | D:4      | Reached XP level 7. HP: 21/35 MP: 6/8
  1997 | D:4      | Got a crude long sword
  2005 | D:4      | Identified the +1 long sword "Zonnovvarch" {flame, +Blink
                  | rC+ Dex-4 SInv} (You found it on level 4 of the Dungeon)
  2018 | D:4      | Noticed Natasha
  2023 | D:4      | Killed Natasha
  2044 | D:4      | Noticed Blork the orc
  2053 | D:4      | Killed Blork the orc
  2152 | Temple   | Entered the Ecumenical Temple
  2228 | Temple   | Became a worshipper of Makhleb the Destroyer
  2300 | D:4      | Found an ancient bone altar of Kikubaaqudgha.
  2304 | D:4      | Gained mutation: You have razor-sharp teeth. [Vine Stalker
                  | growth]
  2304 | D:4      | Reached XP level 8. HP: 37/39 MP: 9/9
  2305 | D:4      | Reached skill level 6 in Axes
  2448 | D:4      | Noticed Natasha
  2457 | D:4      | Killed Natasha
  2696 | D:4      | Noticed Natasha
  2699 | D:4      | Killed Natasha
  2833 | D:5      | Entered Level 5 of the Dungeon
  2859 | D:5      | Found a shimmering altar of Xom.
  2860 | D:5      | Found a shimmering altar of Xom.
  2860 | D:5      | Found a shimmering altar of Xom.
  2860 | D:5      | Found a shimmering altar of Xom.
  2861 | D:5      | Found a shimmering altar of Xom.
  2880 | D:5      | Found a shimmering altar of Xom.
  2880 | D:5      | Found a shimmering altar of Xom.
  3129 | D:5      | Reached skill level 1 in Invocations
  3131 | D:5      | Found a bloodstained altar of Trog.
  3142 | D:5      | Reached skill level 1 in Dodging
  3236 | D:5      | Reached * piety under Makhleb
  3443 | D:5      | Found a glowing silver altar of Zin.
  3631 | D:6      | Found Malef's Food Boutique.
  3976 | D:6      | HP: 2/40 [orc wizard/magic dart (6)]
  3981 | D:6      | Reached XP level 9. HP: 4/44 MP: 2/11
  4116 | D:6      | Noticed Dowan
  4117 | D:6      | Noticed Duvessa
  4123 | D:6      | Killed Dowan
  4126 | D:6      | Killed Duvessa
  4126 | D:6      | Reached skill level 7 in Axes
  4316 | D:6      | Found a deep blue altar of Sif Muna.
  4506 | D:7      | Noticed Prince Ribbit
  4525 | D:7      | Noticed Pikel
  4788 | D:8      | Reached ** piety under Makhleb
  5110 | D:8      | Found a hazy altar of Hepliaklqana.
  5349 | D:8      | Reached skill level 8 in Axes
  5357 | D:8      | Reached XP level 10. HP: 39/51 MP: 10/13
  5401 | D:8      | Noticed a three-headed hydra
  5406 | D:8      | Killed a one-headed hydra
  5406 | D:8      | Reached skill level 5 in Fighting
  5555 | D:9      | Slain by a vampire

Skill      XL: |  1  2  3  4  5  6  7  8  9 10 |
---------------+-------------------------------+-----
Axes           | 2 3 4 5 6 8 |  8.7
Shields        | 3 4 5 6 7 |  7.8
Fighting       | 3 4 5 |  5.0
Invocations    | 2 |  2.8
Dodging        | 1 3 |  3.5
Armour         | 3 4 |  4.5

Action                   |  1- 3 |  4- 6 |  7- 9 | 10-12 || total
-------------------------+-------+-------+-------+-------++-------
Melee: War axe           |    71 |   183 |   294 |    46 ||   594
       Bite              |    18 |    55 |   105 |    18 ||   196
       Falchion          |       |       |       |     4 ||     4
  Use: Potion            |       |     1 |     3 |     1 ||     5
       Scroll            |       |       |     6 |       ||     6
  Eat: Chunk             |       |     3 |    12 |     1 ||    16
Armor: Scale mail        |    44 |    76 |     5 |       ||   125
       Chain mail        |       |       |   149 |    14 ||   163
Dodge: Dodged            |    29 |    71 |    73 |     9 ||   182
Block: Shield            |    42 |   108 |   154 |    26 ||   330
       Rpst.: Falchion   |       |       |       |     1 ||     1
